EL
MONTGOMERY BISCUITS @ CHATTANOOGA LOOKOUTS
07/24/2045
 
TOP OF THE 1ST
Montgomery Biscuits batting - Pitching for Chattanooga Lookouts : LHP Kazuo Nishihara
Pitching: LHP Kazuo Nishihara
Batting: RHB Dermott Kennelly 0-0: Called Strike
0-1: Ground out 5-3 (Groundball, 56S, EV 89.4 MPH)
Batting: RHB Paul Landes 0-0: Ball
1-0: Called Strike
1-1: Ball
2-1: Foul Ball, location: 2F
2-2: Strikes out swinging
Batting: SHB Brett McEwen 0-0: SINGLE (Line Drive, 34D, EV 98.8 MPH)
Batting: RHB Dan Marks 0-0: Ball
1-0: Ball
2-0: Called Strike
2-1: Ball
3-1: Base on Balls
Brett McEwen to second
Batting: LHB Mario Ocana 0-0: Foul Ball, location: 2F
0-1: Ball
1-1: Ball
2-1: Fly out, F8 (Line Drive, 8RD, EV 84.4 MPH)
Top of the 1st over - 0 runs, 1 hit, 0 errors, 2 left on base; Montgomery 0 - Chattanooga 0
BOTTOM OF THE 1ST
Chattanooga Lookouts batting - Pitching for Montgomery Biscuits : RHP Cheng-ho Hsu
Pitching: RHP Cheng-ho Hsu
Batting: RHB J.J. Powers 0-0: Called Strike
0-1: Ground out 4-3 (Groundball, 4, EV 81.2 MPH)
Batting: RHB Mike Craver 0-0: Called Strike
0-1: Swinging Strike
0-2: Ball
1-2: Ball
2-2: Ball
3-2: Foul Ball, location: 2F
3-2: Foul Ball, location: 2F
3-2: Fly out, F9 (Line Drive, 9, EV 90.6 MPH)
Batting: LHB Jim Pankratz 0-0: Called Strike
0-1: Foul Ball, location: 2F
0-2: Ball
1-2: Reached on error, E7 (Flyball, 7LM, EV 100.0 MPH)
Batting: RHB Matt Dunn 0-0: Foul Ball, location: 2F
0-1: DOUBLE (Line Drive, 5D, EV 106.9 MPH)
Jim Pankratz scores
Batting: LHB Matt Robertson 0-0: Ground out 6-3 (Groundball, 6, EV 104.4 MPH)
Bottom of the 1st over - 1 run, 1 hit, 1 error, 1 left on base; Montgomery 0 - Chattanooga 1
TOP OF THE 2ND
Montgomery Biscuits batting - Pitching for Chattanooga Lookouts : LHP Kazuo Nishihara
Batting: RHB Devin Brown 0-0: Ball
1-0: Foul Ball, location: 2F
1-1: Foul Ball, location: 2F
1-2: DOUBLE (Line Drive, 89D, EV 103.8 MPH) - OUT at third base trying to stretch hit.
Batting: RHB Kevin Kush 0-0: Ball
1-0: Ball
2-0: Fly out, F4 (Flyball, 34D, EV 95.6 MPH)
Batting: SHB Jose Vargas 0-0: Ball
1-0: Foul Ball, location: 2F
1-1: Swinging Strike
1-2: Ball
2-2: Ground out 4-3 (Groundball, 4, EV 85.0 MPH)
Top of the 2nd over - 0 runs, 1 hit, 0 errors, 0 left on base; Montgomery 0 - Chattanooga 1
BOTTOM OF THE 2ND
Chattanooga Lookouts batting - Pitching for Montgomery Biscuits : RHP Cheng-ho Hsu
Batting: RHB Isaiah Easter 0-0: Ball
1-0: Foul Ball, location: 2F
1-1: Called Strike
1-2: Foul Ball, location: 2F
1-2: Ball
2-2: Strikes out looking
Batting: LHB Israel Montoya 0-0: Swinging Strike
0-1: Ball
1-1: Ball
2-1: Foul Ball, location: 2F
2-2: Strikes out swinging
Batting: RHB Francisque Regras 0-0: Ball
1-0: Foul Ball, location: 2F
1-1: Ball
2-1: Swinging Strike
2-2: Foul Ball, location: 2F
2-2: Foul Ball, location: 2F
2-2: Ball
3-2: Strikes out swinging
Bottom of the 2nd over - 0 runs, 0 hits, 0 errors, 0 left on base; Montgomery 0 - Chattanooga 1
TOP OF THE 3RD
Montgomery Biscuits batting - Pitching for Chattanooga Lookouts : LHP Kazuo Nishihara
Batting: RHB Dusty Camelli 0-0: Called Strike
0-1: Ground out 6-3 (Groundball, 6, EV 79.4 MPH)
Batting: RHB Dermott Kennelly 0-0: Ball
1-0: Ball
2-0: Ball
3-0: Base on Balls
Batting: RHB Paul Landes 0-0: Ball
1-0: Called Strike
1-1: Ball
2-1: Grounds into double play, 5-4-3 (Groundball, 5L, EV 105.6 MPH)
Top of the 3rd over - 0 runs, 0 hits, 0 errors, 0 left on base; Montgomery 0 - Chattanooga 1
BOTTOM OF THE 3RD
Chattanooga Lookouts batting - Pitching for Montgomery Biscuits : RHP Cheng-ho Hsu
Batting: SHB Duri Chilemba 0-0: Ball
1-0: Called Strike
1-1: Called Strike
1-2: Strikes out swinging
Batting: RHB J.J. Powers 0-0: Ball
1-0: Called Strike
1-1: Ball
2-1: Ball
3-1: Called Strike
3-2: Foul Ball, location: 2F
3-2: SINGLE (Line Drive, 8LS, EV 93.8 MPH)
Batting: RHB Mike Craver 0-0: Ball
J.J. Powers steals 2nd base
1-0: Ball
2-0: Swinging Strike
2-1: Foul Ball, location: 2F
2-2: Foul Ball, location: 2F
2-2: Ball
3-2: Foul Ball, location: 2F
3-2: Strikes out looking
Batting: LHB Jim Pankratz 0-0: Reached on error, E6 (Groundball, 6, EV 108.1 MPH)
J.J. Powers to third
Batting: RHB Matt Dunn 0-0: Fly out, F7 (Flyball, 7LD, EV 93.8 MPH)
Bottom of the 3rd over - 0 runs, 1 hit, 1 error, 2 left on base; Montgomery 0 - Chattanooga 1
TOP OF THE 4TH
Montgomery Biscuits batting - Pitching for Chattanooga Lookouts : LHP Kazuo Nishihara
Batting: SHB Brett McEwen 0-0: Called Strike
0-1: Ball
1-1: Ball
2-1: Ball
3-1: Base on Balls
Batting: RHB Dan Marks 0-0: Ball
1-0: Called Strike
1-1: Foul Ball, location: 2F
1-2: Ball
2-2: SINGLE (Line Drive, 89S, EV 101.2 MPH)
Brett McEwen to second
Batting: LHB Mario Ocana 0-0: Ball
1-0: Ball
2-0: Called Strike
2-1: Fly out, F5 (Popup, 6S, EV 70.6 MPH)
Batting: RHB Devin Brown 0-0: Foul Ball, location: 2F
0-1: Ball
1-1: Foul Ball, location: 2F
1-2: Strikes out swinging
Batting: RHB Kevin Kush 0-0: Ball
Wild Pitch!
Brett McEwen to third
Dan Marks to second
1-0: Called Strike
1-1: Fly out, F8 (Flyball, 8LXD, EV 98.1 MPH)
Top of the 4th over - 0 runs, 1 hit, 0 errors, 2 left on base; Montgomery 0 - Chattanooga 1
BOTTOM OF THE 4TH
Chattanooga Lookouts batting - Pitching for Montgomery Biscuits : RHP Cheng-ho Hsu
Batting: LHB Matt Robertson 0-0: Ball
1-0: Called Strike
1-1: Swinging Strike
1-2: Strikes out swinging
Batting: RHB Isaiah Easter 0-0: Called Strike
0-1: Ball
1-1: Ball
2-1: Ball
3-1: Called Strike
3-2: Fly out, F9 (Flyball, 89D, EV 85.6 MPH)
Batting: LHB Israel Montoya 0-0: Ground out 1-3 (Groundball, 23, EV 63.1 MPH)
Bottom of the 4th over - 0 runs, 0 hits, 0 errors, 0 left on base; Montgomery 0 - Chattanooga 1
TOP OF THE 5TH
Montgomery Biscuits batting - Pitching for Chattanooga Lookouts : LHP Kazuo Nishihara
Batting: SHB Jose Vargas 0-0: Swinging Strike
0-1: Foul Ball, location: 2F
0-2: Ball
1-2: Ball
2-2: Strikes out swinging
Batting: RHB Dusty Camelli 0-0: Called Strike
0-1: Foul Ball, location: 2F
0-2: Ground out U3 (Groundball, 34, EV 78.8 MPH)
Batting: RHB Dermott Kennelly 0-0: Swinging Strike
0-1: Ball
1-1: Foul Ball, location: 2F
1-2: Ball
2-2: Strikes out swinging
Top of the 5th over - 0 runs, 0 hits, 0 errors, 0 left on base; Montgomery 0 - Chattanooga 1
BOTTOM OF THE 5TH
Chattanooga Lookouts batting - Pitching for Montgomery Biscuits : RHP Cheng-ho Hsu
Batting: RHB Francisque Regras 0-0: Ball
1-0: Foul Ball, location: 2F
1-1: Ball
2-1: Swinging Strike
2-2: Ground out 5-3 (Groundball, 56, EV 80.6 MPH)
Batting: SHB Duri Chilemba 0-0: Ball
1-0: Ball
2-0: Called Strike
2-1: Called Strike
2-2: Foul Ball, location: 2F
2-2: Strikes out swinging
Batting: RHB J.J. Powers 0-0: Ball
1-0: Called Strike
1-1: Ball
2-1: Called Strike
2-2: Ball
3-2: Reached on error, E5 (Groundball, 56S, EV 70.0 MPH)
Batting: RHB Mike Craver 0-0: Called Strike
0-1: Foul Ball, location: 2F
0-2: Ball
J.J. Powers is caught stealing 2nd base 2-4
Bottom of the 5th over - 0 runs, 0 hits, 1 error, 0 left on base; Montgomery 0 - Chattanooga 1
TOP OF THE 6TH
Montgomery Biscuits batting - Pitching for Chattanooga Lookouts : LHP Kazuo Nishihara
Batting: RHB Paul Landes 0-0: Ball
1-0: Foul Ball, location: 2F
1-1: Called Strike
1-2: Strikes out swinging
Batting: SHB Brett McEwen 0-0: Ball
1-0: Called Strike
1-1: Foul Ball, location: 2F
1-2: SINGLE (Line Drive, 9LM, EV 105.6 MPH)
Batting: RHB Dan Marks 0-0: Ball
1-0: Ball
2-0: Ball
3-0: Called Strike
3-1: Fielders Choice at 2nd, 4-6 (Groundball, 4, EV 106.9 MPH)
Batting: LHB Mario Ocana 0-0: Called Strike
0-1: Swinging Strike
0-2: Strikes out looking
Top of the 6th over - 0 runs, 1 hit, 0 errors, 1 left on base; Montgomery 0 - Chattanooga 1
BOTTOM OF THE 6TH
Chattanooga Lookouts batting - Pitching for Montgomery Biscuits : RHP Cheng-ho Hsu
Batting: RHB Mike Craver 0-0: Foul Ball, location: 2F
0-1: Foul Ball, location: 2F
0-2: Fly out, F8 (Flyball, 8LM, EV 90.6 MPH)
Batting: LHB Jim Pankratz 0-0: Ball
1-0: Foul Ball, location: 2F
1-1: Called Strike
1-2: Ball
2-2: Strikes out swinging
Batting: RHB Matt Dunn 0-0: Foul Ball, location: 2F
0-1: Ball
1-1: Foul Ball, location: 2F
1-2: Ground out 5-3 (Groundball, 56S, EV 90.0 MPH)
Bottom of the 6th over - 0 runs, 0 hits, 0 errors, 0 left on base; Montgomery 0 - Chattanooga 1
TOP OF THE 7TH
Montgomery Biscuits batting - Pitching for Chattanooga Lookouts : LHP Kazuo Nishihara
Batting: RHB Devin Brown 0-0: Swinging Strike
0-1: Swinging Strike
0-2: Strikes out swinging
Batting: RHB Kevin Kush 0-0: Ball
1-0: Ball
2-0: Swinging Strike
2-1: SINGLE (Groundball, 6MD, EV 95.6 MPH)
Pitching: RHP Toshiyuki Kawashima
Batting: SHB Jose Vargas 0-0: Ball
Kevin Kush steals 2nd base
1-0: Called Strike
1-1: Ball
2-1: Ball
3-1: Base on Balls
Pinch Hitting: LHB Robin More 0-0: Ball
1-0: Ball
Kevin Kush steals 3rd base
2-0: 3-RUN HOME RUN (Flyball, 89XD, EV 106.9 MPH), Distance : 380 ft
Batting: RHB Dermott Kennelly 0-0: SINGLE (Line Drive, 34D, EV 95.6 MPH)
Batting: RHB Paul Landes 0-0: Ball
1-0: Foul Ball, location: 2F
1-1: Foul Ball, location: 2F
1-2: SINGLE (Line Drive, 9S, EV 103.1 MPH)
Dermott Kennelly to second
Batting: SHB Brett McEwen 0-0: Called Strike
Dermott Kennelly steals 3rd base
Paul Landes to second
0-1: Ball
1-1: Intentional Walk
Batting: RHB Dan Marks 0-0: Ball
1-0: Ball
2-0: Ball
3-0: Called Strike
3-1: Base on Balls
Dermott Kennelly scores
Paul Landes to third
Brett McEwen to second
Pitching: LHP Moronobu Ikeda
Batting: LHB Mario Ocana 0-0: Grounds into fielders choice 5-2 (Groundball, 56S, EV 81.9 MPH)
Brett McEwen to third
Dan Marks to second
Batting: RHB Devin Brown 0-0: Ball
1-0: Called Strike
1-1: SINGLE (Line Drive, 78M, EV 100.0 MPH)
Brett McEwen scores
Dan Marks to third
Mario Ocana to second
Runner from 3rd tries for Home, SAFE, throw by LF to home
Batting: RHB Kevin Kush 0-0: Swinging Strike
0-1: Ball
1-1: Foul Ball, location: 2F
1-2: Strikes out looking
Top of the 7th over - 6 runs, 5 hits, 0 errors, 2 left on base; Montgomery 6 - Chattanooga 1
BOTTOM OF THE 7TH
Chattanooga Lookouts batting - Pitching for Montgomery Biscuits : RHP Cheng-ho Hsu
Now at 2B: Jose Herrera
Now at 3B: Jose Vargas
Now at SS: Mario Ocana
Batting: LHB Matt Robertson 0-0: Ground out U3 (Groundball, 3L, EV 106.2 MPH)
Batting: RHB Isaiah Easter 0-0: Ball
1-0: Ball
2-0: Called Strike
2-1: Foul Ball, location: 2F
2-2: Foul Ball, location: 2F
2-2: Strikes out swinging
Batting: LHB Israel Montoya 0-0: Called Strike
0-1: Called Strike
0-2: Ball
1-2: Ball
2-2: Foul Ball, location: 2F
2-2: Fly out, F2 (Popup, 25F, EV 87.5 MPH)
Bottom of the 7th over - 0 runs, 0 hits, 0 errors, 0 left on base; Montgomery 6 - Chattanooga 1
TOP OF THE 8TH
Montgomery Biscuits batting - Pitching for Chattanooga Lookouts : LHP Moronobu Ikeda
Batting: SHB Jose Vargas 0-0: Ball
1-0: DOUBLE (Line Drive, 7LM, EV 88.8 MPH)
Batting: RHB Jose Herrera 0-0: Fly out, F3 (Popup, 23F, EV 81.2 MPH)
Batting: RHB Dermott Kennelly 0-0: Foul Ball, location: 2F
0-1: Called Strike
0-2: Ball
1-2: Ball
2-2: Ball
3-2: Foul Ball, location: 2F
3-2: Foul Ball, location: 2F
3-2: Foul Ball, location: 2F
3-2: Foul Ball, location: 2F
3-2: 2-RUN HOME RUN (Flyball, 9D, EV 98.8 MPH), Distance : 369 ft
Batting: RHB Paul Landes 0-0: Ball
1-0: Ball
2-0: Called Strike
2-1: Ball
3-1: Base on Balls
Batting: SHB Brett McEwen 0-0: 2-RUN HOME RUN (Flyball, 78XD, EV 105.0 MPH), Distance : 409 ft
Batting: RHB Dan Marks 0-0: Reached on error, E1 (Groundball, 23, EV 66.9 MPH)
Batting: LHB Mario Ocana 0-0: TRIPLE (Line Drive, 9D, EV 100.6 MPH)
Dan Marks scores
Pitching: RHP Rich Nunez
Batting: RHB Devin Brown 0-0: Foul Ball, location: 2F
0-1: Fly out, F7 (Flyball, 78D, EV 93.8 MPH)
Runner from 3rd tags up, OUT at HOME! 7-2
Top of the 8th over - 5 runs, 4 hits, 1 error, 0 left on base; Montgomery 11 - Chattanooga 1
BOTTOM OF THE 8TH
Chattanooga Lookouts batting - Pitching for Montgomery Biscuits : RHP Cheng-ho Hsu
Pitching: LHP Melvin Millan
Pinch Hitting: RHB Julian de Reus 0-0: Called Strike
0-1: SINGLE (Groundball, 6D, EV 107.5 MPH)
Batting: SHB Duri Chilemba 0-0: Called Strike
0-1: Called Strike
0-2: Foul Ball, location: 2F
0-2: Ball
1-2: Strikes out swinging
Batting: RHB J.J. Powers 0-0: SINGLE (Groundball, 56D, EV 98.1 MPH)
Julian de Reus to second
Batting: RHB Mike Craver 0-0: Called Strike
0-1: SINGLE (Line Drive, 89S, EV 103.8 MPH)
Julian de Reus to third
J.J. Powers to second
Runner from 3rd tries for Home, SAFE, throw by RF to home
Batting: LHB Jim Pankratz 0-0: Foul Ball, location: 2F
0-1: Ball
1-1: Ball
2-1: Called Strike
2-2: Ball
3-2: Foul Ball, location: 2F
3-2: Base on Balls
J.J. Powers to third
Mike Craver to second
Batting: RHB Matt Dunn 0-0: Foul Ball, location: 2F
0-1: Ball
1-1: Ball
2-1: SINGLE (Groundball, 6M, EV 83.1 MPH) (infield hit)
J.J. Powers scores
Mike Craver to third
Jim Pankratz to second
Batting: LHB Matt Robertson 0-0: Ball
1-0: Foul Ball, location: 2F
1-1: Ball
2-1: Fielders Choice at 2nd, 5-4 (Groundball, 56, EV 102.5 MPH)
Mike Craver scores
Jim Pankratz to third
Batting: RHB Isaiah Easter 0-0: Ball
1-0: Foul Ball, location: 2F
1-1: Ball
2-1: Ball
3-1: Called Strike
3-2: Foul Ball, location: 2F
3-2: Foul Ball, location: 2F
3-2: 3-RUN HOME RUN (Flyball, 78XD, EV 99.4 MPH), Distance : 385 ft
Pitching: RHP Luis Cubero
Batting: LHB Israel Montoya 0-0: Ball
1-0: Called Strike
1-1: Swinging Strike
1-2: Foul Ball, location: 2F
1-2: Strikes out looking
Bottom of the 8th over - 6 runs, 5 hits, 0 errors, 0 left on base; Montgomery 11 - Chattanooga 7
TOP OF THE 9TH
Montgomery Biscuits batting - Pitching for Chattanooga Lookouts : RHP Rich Nunez
Now at 2B: Julian de Reus
Now at SS: J.J. Powers
Batting: RHB Kevin Kush 0-0: Called Strike
0-1: Fly out, F9 (Flyball, 9, EV 81.2 MPH)
Batting: SHB Jose Vargas 0-0: Called Strike
0-1: Ball
1-1: Ball
2-1: Foul Ball, location: 2F
2-2: Ball
3-2: Fly out, F8 (Flyball, 8LM, EV 98.8 MPH)
Batting: RHB Jose Herrera 0-0: Foul Ball, location: 2F
0-1: Ground out 5-3 (Groundball, 56, EV 81.9 MPH)
Top of the 9th over - 0 runs, 0 hits, 0 errors, 0 left on base; Montgomery 11 - Chattanooga 7
BOTTOM OF THE 9TH
Chattanooga Lookouts batting - Pitching for Montgomery Biscuits : RHP Luis Cubero
Batting: RHB Julian de Reus 0-0: Ball
1-0: Called Strike
1-1: Called Strike
1-2: Ball
2-2: Foul Ball, location: 2F
2-2: Foul Ball, location: 2F
2-2: Ball
3-2: Foul Ball, location: 2F
3-2: Base on Balls
Batting: SHB Duri Chilemba 0-0: Called Strike
0-1: Ball
1-1: Fielders Choice at 2nd, 1-4 (Groundball, 15S, EV 68.8 MPH)
Batting: RHB J.J. Powers 0-0: Ball
1-0: Fielders Choice at 2nd, 5-4 (Groundball, 56S, EV 85.0 MPH)
Batting: RHB Mike Craver 0-0: Foul Ball, location: 2F
0-1: SINGLE (Line Drive, 8RS, EV 103.1 MPH)
J.J. Powers to second
Pitching: RHP Nelson Dawson
Batting: LHB Jim Pankratz 0-0: Ball
1-0: Called Strike
1-1: Called Strike
1-2: Foul Ball, location: 2F
1-2: Ball
2-2: SINGLE (Groundball, 5S, EV 70.0 MPH) (infield hit)
J.J. Powers to third
Mike Craver to second
Batting: RHB Matt Dunn 0-0: Ball
1-0: Foul Ball, location: 2F
1-1: Ball
2-1: Ball
3-1: Ground out 1-3 (Groundball, 25, EV 65.6 MPH)
Bottom of the 9th over - 0 runs, 2 hits, 0 errors, 3 left on base; Montgomery 11 - Chattanooga 7
Wednesday, June 22nd , 2022 - OOTP Baseball 23.4 Build 64